APP
PHILADELPHIA (APP) PHILLIES @ GRAND JUNCTION ROCKIES
09/17/2044
 
TOP OF THE 1ST
Philadelphia (APP) Phillies batting - Pitching for Grand Junction Rockies : LHP Steve Gilliam
Pitching: LHP Steve Gilliam
Batting: RHB Mark Schultz 0-0: Ball
1-0: Ball
2-0: Fly out, F7 (Flyball, 7, EV 91.2 MPH)
Batting: RHB Gary Sampson 0-0: Ball
1-0: Ball
2-0: Ball
3-0: Base on Balls
Batting: RHB Kyle Reilly 0-0: Ball
1-0: Fly out, F7 (Flyball, 78S, EV 77.5 MPH)
Batting: RHB Seung-mun Kim 0-0: Called Strike
0-1: Ball
1-1: Ball
Gary Sampson steals 2nd base
2-1: Foul Ball, location: 2F
2-2: Strikes out looking
Top of the 1st over - 0 runs, 0 hits, 0 errors, 1 left on base; Philadelphia (APP) 0 - Grand Junction 0
BOTTOM OF THE 1ST
Grand Junction Rockies batting - Pitching for Philadelphia (APP) Phillies : RHP Chad Capaldi
Pitching: RHP Chad Capaldi
Batting: RHB Juan Figueroa 0-0: Swinging Strike
0-1: Swinging Strike
0-2: Ball
1-2: Foul Ball, location: 2F
1-2: Fly out, F7 (Line Drive, 7D, EV 94.4 MPH)
Batting: LHB Chris Salim 0-0: Swinging Strike
0-1: Called Strike
0-2: Strikes out swinging
Batting: LHB Zack Guillen 0-0: Ball
1-0: Swinging Strike
1-1: Ball
2-1: Ball
3-1: Base on Balls
Batting: RHB Bryce Hickman 0-0: Ball
Zack Guillen steals 2nd, throwing error, E2
Zack Guillen to third
1-0: Swinging Strike
1-1: Swinging Strike
1-2: Fly out, F5 (Flyball, 5D, EV 85.0 MPH)
Bottom of the 1st over - 0 runs, 0 hits, 1 error, 1 left on base; Philadelphia (APP) 0 - Grand Junction 0
TOP OF THE 2ND
Philadelphia (APP) Phillies batting - Pitching for Grand Junction Rockies : LHP Steve Gilliam
Batting: RHB Vaclav Been 0-0: Ball
1-0: Called Strike
1-1: Fly out, F7 (Line Drive, 7, EV 93.1 MPH)
Batting: LHB Danny Zuniga 0-0: Swinging Strike
0-1: Called Strike
0-2: Ball
1-2: Foul Ball, location: 2F
1-2: Strikes out swinging, 2-3 out at first.
Batting: LHB Josh George 0-0: Ball
1-0: Foul Ball, location: 2F
1-1: SINGLE (Line Drive, 89S, EV 87.5 MPH)
Batting: LHB Matt Urbanek 0-0: Foul Ball, location: 2F
0-1: SINGLE (Line Drive, 56, EV 99.4 MPH)
Josh George to second
Batting: LHB Eric Farren 0-0: Fielders Choice at 2nd, 6-4 (Groundball, 6, EV 86.9 MPH)
Top of the 2nd over - 0 runs, 2 hits, 0 errors, 2 left on base; Philadelphia (APP) 0 - Grand Junction 0
BOTTOM OF THE 2ND
Grand Junction Rockies batting - Pitching for Philadelphia (APP) Phillies : RHP Chad Capaldi
Batting: LHB Harry Folsom 0-0: Called Strike
0-1: Ball
1-1: Ground out U3 (Groundball, 3, EV 101.9 MPH)
Batting: RHB Willis Morales 0-0: Foul Ball, location: 2F
0-1: Ball
1-1: Ball
2-1: Ball
3-1: SINGLE (Line Drive, 8RS, EV 98.8 MPH)
Batting: SHB Jeff Sorrels 0-0: Foul Ball, location: 2F
0-1: Ball
1-1: Ball
Wild Pitch!
Willis Morales to second
2-1: Foul Ball, location: 2F
2-2: Ball
Wild Pitch!
Willis Morales to third
3-2: Fly out, F7 (Flyball, 7, EV 81.9 MPH)
Runner from 3rd tags up, SCORES, throw by LF
Batting: RHB Ray Insley 0-0: Called Strike
0-1: Ball
1-1: Swinging Strike
1-2: Ball
2-2: Foul Ball, location: 2F
2-2: Foul Ball, location: 2F
2-2: Strikes out looking
Bottom of the 2nd over - 1 run, 1 hit, 0 errors, 0 left on base; Philadelphia (APP) 0 - Grand Junction 1
TOP OF THE 3RD
Philadelphia (APP) Phillies batting - Pitching for Grand Junction Rockies : LHP Steve Gilliam
Batting: RHB Mark Schultz 0-0: Ball
1-0: Ball
2-0: Ball
3-0: Called Strike
3-1: Fly out, F8 (Flyball, 8RM, EV 92.5 MPH)
Pitching: RHP Jim Micaletti
Batting: RHB Gary Sampson 0-0: Ball
1-0: Called Strike
1-1: Foul Ball, location: 2F
1-2: Ball
2-2: Ball
3-2: Fly out, F6 (Popup, 6MS, EV 63.1 MPH)
Batting: RHB Kyle Reilly 0-0: SINGLE (Line Drive, 4D, EV 96.2 MPH)
Batting: RHB Seung-mun Kim 0-0: Ball
1-0: Foul Ball, location: 2F
1-1: Foul Ball, location: 2F
1-2: SINGLE (Groundball, 6MD, EV 93.8 MPH)
Kyle Reilly to second
Kyle Reilly to third
Batting: RHB Vaclav Been 0-0: Ball
1-0: 3-RUN HOME RUN (Line Drive, 7D, EV 98.8 MPH), Distance : 383 ft
Batting: LHB Danny Zuniga 0-0: Called Strike
0-1: Ball
1-1: Called Strike
1-2: Strikes out swinging
Top of the 3rd over - 3 runs, 3 hits, 0 errors, 0 left on base; Philadelphia (APP) 3 - Grand Junction 1
BOTTOM OF THE 3RD
Grand Junction Rockies batting - Pitching for Philadelphia (APP) Phillies : RHP Chad Capaldi
Batting: RHB Zakhar Edelman 0-0: Ball
1-0: Ball
2-0: Ball
3-0: Called Strike
3-1: Base on Balls
Batting: RHB Juan Figueroa 0-0: DOUBLE (Groundball, 5L, EV 101.2 MPH)
Zakhar Edelman to third
Batting: LHB Chris Salim 0-0: Ball
1-0: Called Strike
1-1: Fly out, F9 (Flyball, 9LS, EV 93.1 MPH)
Batting: LHB Zack Guillen 0-0: Called Strike
0-1: Swinging Strike
0-2: Ball
1-2: Foul Ball, location: 2F
1-2: Foul Ball, location: 2F
1-2: Foul Ball, location: 2F
1-2: 3-RUN HOME RUN (Flyball, 89XD, EV 105.0 MPH), Distance : 443 ft
Batting: RHB Bryce Hickman 0-0: Called Strike
0-1: Swinging Strike
0-2: Fly out, F7 (Flyball, 78M, EV 87.5 MPH)
Batting: LHB Harry Folsom 0-0: Ball
1-0: Ball
2-0: Called Strike
2-1: Ball
3-1: Swinging Strike
3-2: Foul Ball, location: 2F
3-2: Base on Balls
Batting: RHB Willis Morales 0-0: Called Strike
0-1: DOUBLE (Flyball, 78D, EV 93.1 MPH)
Harry Folsom to third
Harry Folsom scores
Pitching: RHP Tony Trevino
Batting: SHB Jeff Sorrels 0-0: Foul Ball, location: 2F
0-1: Foul Ball, location: 2F
0-2: Fly out, F5 (Popup, 5SF, EV 70.0 MPH)
Bottom of the 3rd over - 4 runs, 3 hits, 0 errors, 1 left on base; Philadelphia (APP) 3 - Grand Junction 5
TOP OF THE 4TH
Philadelphia (APP) Phillies batting - Pitching for Grand Junction Rockies : RHP Jim Micaletti
Batting: LHB Josh George 0-0: Ball
1-0: Fly out, F7 (Line Drive, 7, EV 88.1 MPH)
Batting: LHB Matt Urbanek 0-0: Ball
1-0: DOUBLE (Groundball, 3L, EV 105.0 MPH)
Batting: LHB Eric Farren 0-0: Ball
1-0: Ball
2-0: Foul Ball, location: 2F
2-1: Ball
3-1: Base on Balls
Batting: RHB Mark Schultz 0-0: Ball
1-0: Swinging Strike
1-1: Ball
2-1: Called Strike
Matt Urbanek steals 3rd base
Eric Farren to second
2-2: SINGLE (Line Drive, 78S, EV 100.6 MPH)
Matt Urbanek scores
Eric Farren to third
Runner from 3rd tries for Home, SAFE, throw by LF to home
Batting: RHB Gary Sampson 0-0: Ball
1-0: Ball
2-0: Called Strike
2-1: Ball
3-1: Base on Balls
Mark Schultz to second
Batting: RHB Kyle Reilly 0-0: Foul Ball, location: 2F
0-1: Foul Ball, location: 2F
0-2: Ball
1-2: Foul Ball, location: 2F
1-2: SINGLE (Groundball, 56D, EV 96.9 MPH)
Mark Schultz to third
Gary Sampson to second
Batting: RHB Seung-mun Kim 0-0: Ball
1-0: Foul Ball, location: 2F
1-1: Swinging Strike
1-2: Foul Ball, location: 2F
1-2: Ball
2-2: Ball
3-2: SINGLE (Flyball, 8RS, EV 95.0 MPH)
Mark Schultz scores
Gary Sampson to third
Kyle Reilly to second
Runner from 3rd tries for Home, SAFE, throw by CF to home
Batting: RHB Vaclav Been 0-0: Ball
1-0: Called Strike
1-1: Ball
2-1: Foul Ball, location: 2F
2-2: SINGLE (Groundball, 25, EV 68.8 MPH) (infield hit)
Kyle Reilly to third
Seung-mun Kim to second
Batting: LHB Danny Zuniga 0-0: Ball
1-0: Ball
2-0: Ball
3-0: Base on Balls
Kyle Reilly scores
Seung-mun Kim to third
Vaclav Been to second
Pitching: RHP T.J. Williams
Batting: LHB Josh George 0-0: Fielders Choice at 2nd, 3-6 (Groundball, 34, EV 87.5 MPH)
Seung-mun Kim scores
Vaclav Been to third
Batting: LHB Matt Urbanek 0-0: Ball
1-0: DOUBLE (Line Drive, 89D, EV 106.2 MPH)
Vaclav Been scores
Josh George to third
Batting: LHB Eric Farren 0-0: Called Strike
0-1: Ball
1-1: Called Strike
1-2: Ball
Passed Ball!
Josh George scores
Matt Urbanek to third
2-2: Foul Ball, location: 2F
2-2: Fly out, F8 (Line Drive, 8LD, EV 99.4 MPH)
Top of the 4th over - 8 runs, 6 hits, 0 errors, 1 left on base; Philadelphia (APP) 11 - Grand Junction 5
BOTTOM OF THE 4TH
Grand Junction Rockies batting - Pitching for Philadelphia (APP) Phillies : RHP Tony Trevino
Batting: RHB Ray Insley 0-0: Foul Ball, location: 2F
0-1: Foul Ball, location: 2F
0-2: Ball
1-2: Foul Ball, location: 2F
1-2: Ball
2-2: Strikes out looking
Batting: RHB Zakhar Edelman 0-0: Called Strike
0-1: SINGLE (Flyball, 6D, EV 91.2 MPH)
Batting: RHB Juan Figueroa 0-0: Called Strike
Zakhar Edelman steals 2nd base
0-1: Swinging Strike
0-2: Ball
1-2: Ball
2-2: Strikes out swinging
Batting: LHB Chris Salim 0-0: Called Strike
0-1: Ground out 4-3 (Groundball, 4, EV 82.5 MPH)
Bottom of the 4th over - 0 runs, 1 hit, 0 errors, 1 left on base; Philadelphia (APP) 11 - Grand Junction 5
TOP OF THE 5TH
Philadelphia (APP) Phillies batting - Pitching for Grand Junction Rockies : RHP T.J. Williams
Batting: RHB Mark Schultz 0-0: DOUBLE (Line Drive, 3D, EV 105.6 MPH)
Batting: RHB Gary Sampson 0-0: Called Strike
0-1: Swinging Strike
0-2: Ball
1-2: Ground out 6-3 (Groundball, 6, EV 82.5 MPH)
Mark Schultz to third
Batting: RHB Kyle Reilly 0-0: Foul Ball, location: 2F
0-1: Ball
1-1: Foul Ball, location: 2F
1-2: Ball
2-2: Ball
3-2: Base on Balls
Batting: RHB Seung-mun Kim 0-0: Ball
1-0: Called Strike
1-1: Swinging Strike
1-2: Foul Ball, location: 2F
1-2: DOUBLE (Flyball, 8RXD, EV 95.0 MPH)
Mark Schultz scores
Kyle Reilly to third
Batting: RHB Vaclav Been 0-0: Ball
1-0: Ball
2-0: Swinging Strike
2-1: Ball
3-1: Base on Balls
Batting: LHB Danny Zuniga 0-0: Ball
1-0: Ball
2-0: Swinging Strike
2-1: Fly out, F8 (Line Drive, 8LD, EV 110.0 MPH)
Runner from 3rd tags up, SCORES, throw by CF
Seung-mun Kim to third
Batting: LHB Josh George 0-0: Called Strike
0-1: SINGLE (Groundball, 4M, EV 103.1 MPH) (infield hit)
Seung-mun Kim scores
Vaclav Been to second
Batting: LHB Matt Urbanek 0-0: Ball
1-0: Ball
2-0: Called Strike
2-1: Called Strike
2-2: Fly out, F9 (Line Drive, 9S, EV 97.5 MPH)
Top of the 5th over - 3 runs, 3 hits, 0 errors, 2 left on base; Philadelphia (APP) 14 - Grand Junction 5
BOTTOM OF THE 5TH
Grand Junction Rockies batting - Pitching for Philadelphia (APP) Phillies : RHP Tony Trevino
Batting: LHB Zack Guillen 0-0: Ball
1-0: Called Strike
1-1: Ball
2-1: Ball
3-1: Foul Ball, location: 3F, Error on foul ball, E3
3-2: Hit by Pitch
Batting: RHB Bryce Hickman 0-0: Ball
1-0: Called Strike
1-1: Ball
2-1: DOUBLE (Flyball, 89XD, EV 106.2 MPH)
Zack Guillen to third
Pinch Runner at 2nd Yamashita Yagi:
Batting: LHB Harry Folsom 0-0: Called Strike
0-1: Ball
1-1: Ball
2-1: Ground out U3 (Groundball, 3, EV 86.2 MPH)
Pitching: RHP Alex Florez
Batting: RHB Willis Morales 0-0: Ball
1-0: Fly out, F8 (Flyball, 8RXD, EV 99.4 MPH)
Runner from 3rd tags up, SCORES, no throw by CF
Batting: SHB Jeff Sorrels 0-0: Foul Ball, location: 2F
0-1: Ball
1-1: Foul Ball, location: 2F
1-2: Ball
2-2: Ball
3-2: Fly out, F4 (Line Drive, 4, EV 63.8 MPH)
Bottom of the 5th over - 1 run, 1 hit, 1 error, 1 left on base; Philadelphia (APP) 14 - Grand Junction 6
TOP OF THE 6TH
Philadelphia (APP) Phillies batting - Pitching for Grand Junction Rockies : RHP T.J. Williams
Now at C: Yamashita Yagi
Batting: LHB Eric Farren 0-0: Called Strike
0-1: Swinging Strike
0-2: Foul Ball, location: 2F
0-2: Ground out 6-3 (Groundball, 6, EV 80.0 MPH)
Batting: RHB Mark Schultz 0-0: Ground out 5-3 (Groundball, 5L, EV 87.5 MPH)
Batting: RHB Gary Sampson 0-0: SINGLE (Line Drive, 78M, EV 112.5 MPH)
Batting: RHB Kyle Reilly 0-0: Ball
1-0: Called Strike
1-1: Called Strike
1-2: Hit by Pitch
Gary Sampson to second
Batting: RHB Seung-mun Kim 0-0: Called Strike
0-1: Hit by Pitch
Gary Sampson to third
Kyle Reilly to second
Batting: RHB Vaclav Been 0-0: Ball
1-0: Ball
2-0: Ball
3-0: Base on Balls
Gary Sampson scores
Kyle Reilly to third
Seung-mun Kim to second
Batting: LHB Danny Zuniga 0-0: Called Strike
0-1: DOUBLE (Line Drive, 78XD, EV 103.1 MPH)
Kyle Reilly scores
Seung-mun Kim scores
Vaclav Been to third
Pitching: RHP Josh Lofgreen
Batting: LHB Josh George 0-0: Ball
1-0: Foul Ball, location: 2F
1-1: Fly out, F8 (Flyball, 8LS, EV 93.8 MPH)
Top of the 6th over - 3 runs, 2 hits, 0 errors, 2 left on base; Philadelphia (APP) 17 - Grand Junction 6
BOTTOM OF THE 6TH
Grand Junction Rockies batting - Pitching for Philadelphia (APP) Phillies : RHP Alex Florez
Batting: RHB Ray Insley 0-0: Ball
1-0: Fly out, F9 (Line Drive, 9, EV 101.9 MPH)
Batting: RHB Zakhar Edelman 0-0: Ball
1-0: Swinging Strike
1-1: Called Strike
1-2: Ground out 5-3 (Groundball, 5, EV 104.4 MPH)
Batting: RHB Juan Figueroa 0-0: Called Strike
0-1: Ball
1-1: Foul Ball, location: 2F
1-2: Ball
2-2: Foul Ball, location: 2F
2-2: Foul Ball, location: 2F
2-2: Ball
3-2: Base on Balls
Batting: LHB Chris Salim 0-0: Ball
Juan Figueroa steals 2nd base
1-0: Swinging Strike
1-1: Ball
2-1: SINGLE (Groundball, 56D, EV 101.9 MPH)
Juan Figueroa to third
Runner from 3rd tries for Home, SAFE, throw by LF to home
Batting: LHB Zack Guillen 0-0: Ball
1-0: Ball
2-0: Called Strike
2-1: Foul Ball, location: 2F
2-2: Foul Ball, location: 2F
2-2: Ball
3-2: 2-RUN HOME RUN (Flyball, 78XD, EV 113.8 MPH), Distance : 426 ft
Batting: RHB Yamashita Yagi 0-0: Called Strike
0-1: Called Strike
0-2: Foul Ball, location: 2F
0-2: Ball
1-2: Ball
2-2: Strikes out looking
Bottom of the 6th over - 3 runs, 2 hits, 0 errors, 0 left on base; Philadelphia (APP) 17 - Grand Junction 9
TOP OF THE 7TH
Philadelphia (APP) Phillies batting - Pitching for Grand Junction Rockies : RHP Josh Lofgreen
Batting: LHB Matt Urbanek 0-0: SINGLE (Line Drive, 56D, EV 96.9 MPH)
Batting: LHB Eric Farren 0-0: Called Strike
0-1: Foul Ball, location: 2F
0-2: Fly out, F5 (Popup, 25F, EV 91.2 MPH)
Batting: RHB Mark Schultz 0-0: Swinging Strike
0-1: Ball
1-1: Ball
2-1: DOUBLE (Flyball, 78D, EV 96.9 MPH)
Matt Urbanek to third
Batting: RHB Gary Sampson 0-0: Ball
Wild Pitch!
Matt Urbanek scores
Mark Schultz to third
1-0: 2-RUN HOME RUN (Line Drive, 7D, EV 104.4 MPH), Distance : 397 ft
Batting: RHB Kyle Reilly 0-0: SINGLE (Groundball, 5D, EV 100.6 MPH)
Batting: RHB Seung-mun Kim 0-0: Ball
Wild Pitch!
Kyle Reilly to second
1-0: Swinging Strike
1-1: Ball
2-1: Foul Ball, location: 2F
2-2: Foul Ball, location: 2F
2-2: Ball
Wild Pitch!
Kyle Reilly to third
3-2: Foul Ball, location: 2F
3-2: SINGLE (Groundball, 56D, EV 94.4 MPH)
Kyle Reilly scores
Pitching: RHP Andy Rayer
Batting: RHB Vaclav Been 0-0: Foul Ball, location: 2F
0-1: Ball
1-1: Ball
2-1: Foul Ball, location: 2F
2-2: Foul Ball, location: 2F
2-2: Foul Ball, location: 2F
2-2: Foul Ball, location: 2F
2-2: SINGLE (Groundball, 6MD, EV 100.6 MPH)
Seung-mun Kim to second
Batting: LHB Danny Zuniga 0-0: Ball
1-0: Ball
2-0: Foul Ball, location: 2F
2-1: Swinging Strike
2-2: Foul Ball, location: 2F
2-2: Ball
3-2: Grounds into double play, 4-6-3 (Groundball, 4, EV 103.1 MPH)
Top of the 7th over - 4 runs, 6 hits, 0 errors, 1 left on base; Philadelphia (APP) 21 - Grand Junction 9
BOTTOM OF THE 7TH
Grand Junction Rockies batting - Pitching for Philadelphia (APP) Phillies : RHP Alex Florez
Pitching: RHP Lucas McPhillie
Batting: LHB Harry Folsom 0-0: Ball
1-0: Swinging Strike
1-1: Hit by Pitch
Batting: RHB Willis Morales 0-0: Called Strike
0-1: Ball
1-1: Swinging Strike
Passed Ball!
Harry Folsom to second
1-2: Foul Ball, location: 2F
1-2: SINGLE (Groundball, 56D, EV 99.4 MPH)
Harry Folsom to third
Runner from 3rd tries for Home, throw by LF and OUT! 7-2
Willis Morales to second
Batting: SHB Jeff Sorrels 0-0: Called Strike
0-1: Ground out 6-3 (Groundball, 6, EV 84.4 MPH)
Willis Morales to third
Batting: RHB Ray Insley 0-0: Ball
1-0: Called Strike
1-1: Called Strike
1-2: Strikes out swinging
Bottom of the 7th over - 0 runs, 1 hit, 0 errors, 1 left on base; Philadelphia (APP) 21 - Grand Junction 9
TOP OF THE 8TH
Philadelphia (APP) Phillies batting - Pitching for Grand Junction Rockies : RHP Andy Rayer
Batting: LHB Josh George 0-0: Ball
1-0: Ball
2-0: Ball
3-0: Called Strike
3-1: Base on Balls
Batting: LHB Matt Urbanek 0-0: Ball
1-0: Ball
2-0: Called Strike
2-1: Ball
3-1: Foul Ball, location: 2F
3-2: Base on Balls
Josh George to second
Batting: LHB Eric Farren 0-0: Foul Ball, location: 2F
0-1: Ball
1-1: Ball
2-1: Fly out, F3 (Line Drive, 3, EV 70.0 MPH)
Lined into DP, U3 (Line Drive, 3, EV 66.2 MPH)
Batting: RHB Mark Schultz 0-0: Ball
Wild Pitch!
Josh George to third
1-0: Ball
Balk!
Josh George scores
2-0: Called Strike
2-1: Foul Ball, location: 2F
2-2: Ball
3-2: Base on Balls
Batting: RHB Gary Sampson 0-0: Ball
Passed Ball!
Mark Schultz to second
1-0: Ball
2-0: Foul Ball, location: 2F
2-1: Ball
3-1: DOUBLE (Groundball, 5L, EV 105.0 MPH)
Mark Schultz scores
Batting: RHB Kyle Reilly 0-0: DOUBLE (Flyball, 8RXD, EV 108.1 MPH)
Gary Sampson scores
Batting: RHB Seung-mun Kim 0-0: Ball
1-0: Ball
2-0: Ball
3-0: Base on Balls
Pitching: LHP Jason Ryan
Batting: RHB Vaclav Been 0-0: Ball
1-0: Ball
2-0: Foul Ball, location: 2F
2-1: Ball
3-1: Base on Balls
Kyle Reilly to third
Seung-mun Kim to second
Batting: LHB Danny Zuniga 0-0: Called Strike
0-1: Ball
1-1: Called Strike
1-2: Ground out U3 (Groundball, 34, EV 87.5 MPH)
Top of the 8th over - 3 runs, 2 hits, 0 errors, 3 left on base; Philadelphia (APP) 24 - Grand Junction 9
BOTTOM OF THE 8TH
Grand Junction Rockies batting - Pitching for Philadelphia (APP) Phillies : RHP Lucas McPhillie
Batting: RHB Zakhar Edelman 0-0: Called Strike
0-1: SINGLE (Groundball, 56S, EV 76.9 MPH) (infield hit)
Batting: RHB Juan Figueroa 0-0: Called Strike
0-1: Foul Ball, location: 2F
0-2: Ball
1-2: Foul Ball, location: 2F
1-2: Ball
2-2: Ball
3-2: Base on Balls
Zakhar Edelman to second
Batting: LHB Chris Salim 0-0: 3-RUN HOME RUN (Flyball, 7D, EV 96.9 MPH), Distance : 375 ft
Batting: LHB Zack Guillen 0-0: Ball
1-0: Ball
2-0: Ball
3-0: Called Strike
3-1: Foul Ball, location: 2F
3-2: Base on Balls
Batting: RHB Yamashita Yagi 0-0: Called Strike
0-1: SINGLE (Flyball, 5D, EV 86.2 MPH)
Zack Guillen to second
Batting: LHB Harry Folsom 0-0: Ball
1-0: Called Strike
1-1: Swinging Strike
1-2: Strikes out swinging
Pinch Hitting: LHB Luke Coulter 0-0: Called Strike
0-1: Ball
1-1: Ball
2-1: Fly out, F7 (Flyball, 7D, EV 90.6 MPH)
Batting: SHB Jeff Sorrels 0-0: Called Strike
0-1: DOUBLE (Flyball, 89D, EV 105.0 MPH)
Zack Guillen scores
Yamashita Yagi to third
Runner from 3rd tries for Home, SAFE, throw by RF to trailing runner, SAFE at third!
Pitching: RHP David LaBounty
Batting: RHB Ray Insley 0-0: Called Strike
0-1: Fly out, F7 (Line Drive, 7D, EV 86.2 MPH)
Bottom of the 8th over - 5 runs, 4 hits, 0 errors, 1 left on base; Philadelphia (APP) 24 - Grand Junction 14
TOP OF THE 9TH
Philadelphia (APP) Phillies batting - Pitching for Grand Junction Rockies : LHP Jason Ryan
Now at SS: Willie Benito
Batting: LHB Josh George 0-0: Called Strike
0-1: Ball
1-1: Swinging Strike
1-2: Ball
2-2: DOUBLE (Line Drive, 9LM, EV 107.5 MPH)
Batting: LHB Matt Urbanek 0-0: Foul Ball, location: 2F
0-1: Ground out 6-3 (Groundball, 6, EV 87.5 MPH)
Batting: LHB Eric Farren 0-0: Ball
1-0: SINGLE (Groundball, 34D, EV 98.8 MPH)
Josh George to third
Runner from 3rd tries for Home, SAFE, throw by RF to home
Batting: RHB Mark Schultz 0-0: Foul Ball, location: 2F
0-1: Ball
1-1: Grounds into double play, 4-6-3 (Groundball, 4, EV 91.9 MPH)
Top of the 9th over - 1 run, 2 hits, 0 errors, 0 left on base; Philadelphia (APP) 25 - Grand Junction 14
BOTTOM OF THE 9TH
Grand Junction Rockies batting - Pitching for Philadelphia (APP) Phillies : RHP David LaBounty
Batting: RHB Zakhar Edelman 0-0: Called Strike
0-1: Ground out 5-3 (Groundball, 56S, EV 84.4 MPH)
Batting: RHB Juan Figueroa 0-0: Foul Ball, location: 2F
0-1: Foul Ball, location: 2F
0-2: Ball
1-2: Foul Ball, location: 2F
1-2: Strikes out looking
Batting: LHB Chris Salim 0-0: Ball
1-0: Ground out U3 (Groundball, 3S, EV 62.5 MPH)
Bottom of the 9th over - 0 runs, 0 hits, 0 errors, 0 left on base; Philadelphia (APP) 25 - Grand Junction 14
Thursday, March 31st , 2022 - OOTP Baseball 22.12 Build 89